 Dungeon Crawl Stone Soup version 0.26-a0-639-g72c4674329 (webtiles) character file.

Game seed: 10243868399265999325

330521 Peloso the Tortoise (level 22, -1/261 HPs)
             Began as a Gnoll Fighter on Sept 20, 2020.
             Was a High Priest of Okawaru.
             Slain by a redback (8 damage)
             ... on level 3 of the Spider Nest.
             The game lasted 02:54:48 (55582 turns).

Peloso the Tortoise (Gnoll Fighter)                Turns: 55582, Time: 02:54:48

Health: -1/261     AC: 16    Str: 42 (44) XL:     22   Next: 10%
Magic:  57/57      EV: 22    Int: 16      God:    Okawaru [*****.]
Gold:   9225       SH: 19    Dex: 16      Spells: 48/48 levels left

rFire    + . .     SeeInvis .   a - +5 falchion (flame)
rCold    + + .     Faith    .   c - +1 kite shield
rNeg     + . .     Spirit   .   X - +11 plate armour of Hiejiwn {MR+ Str+5 Int+2}
rPois    +         Reflect  .   D - +1 hat "Epnon" {+Inv MP+9 Str+3 Int+3}
rElec    .         Harm     .   P - scarf {rC+ rF+}
rCorr    .         Rampage  .   S - +0 pair of gloves {Str+3}
MR       +++..                  E - +2 pair of boots {run}
Stlth    ..........             W - amulet "Tyemen" {rN+ MR+ Regen+ MP+9}
HPRegen  0.93/turn              I - ring of Xom's Delight {rPois rC+}
MPRegen  0.35/turn              l - +6 ring of strength

@: berserking, lethally poisoned (-1 -> -2), heroism, corroded, very quick
A: distributed training, fangs 1, hooves 1, blink, strong nose
}: 1/15 runes: decaying
a: Blink, Heroism, Finesse, Renounce Religion, Evoke Invisibility


You were on level 3 of the Spider Nest.
You worshipped Okawaru.
Okawaru was extremely pleased with you.
You visited 7 branches of the dungeon, and saw 35 of its levels.
You visited the Abyss 1 time.
You also visited: Ice Cave and Volcano.

You collected 11620 gold pieces.
You spent 2395 gold pieces at shops.

Inventory:

Hand Weapons
 a - a +5 falchion of flaming (weapon)
 b - a +6 scimitar of freezing
Armour
 c - a +1 kite shield (worn)
 u - the +1 cloak of the Northern Lights {rElec Dex+4}
   (Okawaru gifted it to you on level 1 of the Orcish Mines)

   It affects your dexterity (+4).
   It insulates you from electricity.
 D - the +1 hat "Epnon" (worn) {+Inv MP+9 Str+3 Int+3}
   (You found it in a volcano)

   It affects your strength (+3).
   It affects your intelligence (+3).
   It affects your magic capacity (+9).
   It lets you turn invisible.
 E - a +2 pair of boots of running (worn)
 P - a scarf of resistance (worn)
 S - a +0 pair of gloves of strength (worn)
 X - the +11 plate armour of Hiejiwn (worn) {MR+ Str+5 Int+2}
   (You found it on level 4 of the Swamp)

   It affects your strength (+5).
   It affects your intelligence (+2).
   It affects your resistance to hostile enchantments.
Jewellery
 i - an uncursed amulet of reflection
 l - a +6 ring of strength (right hand)
 t - an uncursed ring of see invisible (quivered)
 I - the ring of Xom's Delight (left hand) {rPois rC+}
   (You took it off a deep elf knight on level 3 of the Elven Halls)

   [ring of poison resistance]

   It protects you from cold.
   It protects you from poison.
 U - the ring of Oskurch {Fire rElec MR++ Int+2}
   (You found it on level 13 of the Dungeon)

   [ring of fire]

   It enhances your fire magic.
   It affects your intelligence (+2).
   It protects you from fire.
   It makes you vulnerable to cold.
   It insulates you from electricity.
   It affects your resistance to hostile enchantments.
 W - the amulet "Tyemen" (around neck) {rN+ MR+ Regen+ MP+9}
   (You found it on level 2 of the Swamp)

   [amulet of regeneration]

   It protects you from negative energy.
   It affects your resistance to hostile enchantments.
   It affects your magic capacity (+9).
   It increases your rate of regeneration.
Scrolls
 f - a scroll of blinking
 h - 20 scrolls of identify
 j - 15 scrolls of remove curse
 k - a scroll of brand weapon
 m - 9 scrolls of immolation
 o - 8 scrolls of magic mapping
 s - 6 scrolls of noise
 v - a scroll of teleportation
 J - 2 scrolls of fear
Potions
 d - 2 potions of might
 e - 11 potions of curing
 g - 7 potions of haste
 n - a potion of cancellation
 r - 2 potions of berserk rage
 z - 6 potions of flight
 B - 6 potions of stabbing
 R - 2 potions of resistance
 V - 2 potions of invisibility
 Z - 2 potions of heal wounds


   Skills:
 + Level 14.8(19.8) Fighting
 + Level 13.6(18.6) Short Blades
 + Level 14.2(19.2) Long Blades
 + Level 13.6(18.6) Axes
 + Level 13.6(18.6) Maces & Flails
 + Level 13.6(18.6) Polearms
 + Level 13.6(18.6) Staves
 + Level 13.6(18.6) Slings
 + Level 13.6(18.6) Bows
 + Level 13.6(18.6) Crossbows
 + Level 13.6(18.6) Throwing
 + Level 15.1(20.1) Armour
 + Level 13.6(18.6) Dodging
 + Level 13.6(18.6) Stealth
 + Level 14.8(19.8) Shields
 + Level 13.6(18.6) Unarmed Combat
 + Level 13.6 Spellcasting
 + Level 11.7 Conjurations
 + Level 11.7 Hexes
 + Level 11.7 Summonings
 + Level 11.7 Necromancy
 + Level 11.7 Translocations
 + Level 11.7 Transmutations
 + Level 11.7 Fire Magic
 + Level 11.7 Ice Magic
 + Level 11.7 Air Magic
 + Level 11.7 Earth Magic
 + Level 11.7 Poison Magic
 + Level 14.7 Invocations
 + Level 13.6 Evocations


You had 48 spell levels left.
You didn't know any spells.
Your spell library contained the following spells:

 Spells                   Type           Power        Failure   Level
 Animate Skeleton         Necr           #####.       1%          1
 Apportation              Tloc           #####.       1%          1
 Corona                   Hex            #####..      1%          1
 Foxfire                  Conj/Fire      ####         1%          1
 Freeze                   Ice            ####         1%          1
 Magic Dart               Conj           ####         1%          1
 Summon Small Mammal      Summ           ####         1%          1
 Call Imp                 Summ           #####...     1%          2
 Ensorcelled Hibernation  Hex/Ice        #####.       1%          2
 Searing Ray              Conj           #####.       1%          2
 Slow                     Hex            #####...     1%          2
 Conjure Flame            Conj/Fire      #####...     1%          3
 Dazzling Flash           Conj/Hex       #####.       1%          3
 Frozen Ramparts          Ice            #####.       1%          3
 Ignite Poison            Fire/Tmut/Pois #####...     1%          3
 Inner Flame              Hex/Fire       #####...     1%          3
 Lesser Beckoning         Tloc           #####.....   1%          3
 Mephitic Cloud           Conj/Pois/Air  #####...     1%          3
 Ozocubu's Armour         Ice            #####...     1%          3
 Portal Projectile        Hex/Tloc       #####.       1%          3
 Tukima's Dance           Hex            #####...     1%          3
 Animate Dead             Necr           #####.....   1%          4
 Cause Fear               Hex            #####.....   1%          4
 Fulminant Prism          Conj/Hex       #####.....   1%          4
 Hailstorm                Conj/Ice       #####...     1%          4
 Iskenderun's Mystic Bla  Conj/Tloc      #####...     1%          4
 Leda's Liquefaction      Hex/Erth       #####.....   1%          4
 Petrify                  Tmut/Erth      #####...     1%          4
 Sticky Flame             Conj/Fire      #####...     1%          4
 Summon Ice Beast         Ice/Summ       #####...     1%          4
 Summon Lightning Spire   Summ/Air       #####...     1%          4
 Alistair's Intoxication  Tmut/Pois      #####....    3%          5
 Borgnjor's Vile Clutch   Necr/Erth      #####.....   3%          5
 Fireball                 Conj/Fire      #####.....   3%          5
 Silence                  Hex/Air        #####.....   3%          5
 Summon Forest            Summ/Tloc      #####.....   3%          5
 Yara's Violent Unravell  Hex/Tmut       #####.....   3%          5
 Conjure Ball Lightning   Conj/Air       #####.....   22%         6
 Death Channel            Necr           #####.....   22%         6
 Freezing Cloud           Conj/Ice/Air   #####.....   22%         6
 Invisibility             Hex            #####...     22%         6
 Simulacrum               Ice/Necr       #####.....   22%         6
 Starburst                Conj/Fire      #####.....   22%         6
 Chain Lightning          Conj/Air       #####.....   100%        8
 Discord                  Hex            #####.....   100%        8
 Ignition                 Fire           #####.....   100%        8
 Lehudib's Crystal Spear  Conj/Erth      #####.....   100%        8
 Absolute Zero            Ice            #####.....   100%        9
 Fire Storm               Conj/Fire      #####.....   100%        9
 Tornado                  Air            #####.....   100%        9


Dungeon Overview and Level Annotations

Branches:
Dungeon (15/15)            Temple (1/1) D:5            Lair (6/6) D:10
  Swamp (4/4) Lair:3       Spider (4/4) Lair:2        Slime (0/5) Lair:6
    Orc (2/2) D:11            Elf (3/3) Orc:2        Vaults (0/5) D:13
 Depths (0/5) D:15          IceCv (visited)         Volcano (visited)

Altars:
Cheibriados
Dithmenos
Elyvilon
Fedhas
Gozag
Hepliaklqana
Kikubaaqudgha
Makhleb
Nemelex Xobeh
Okawaru
Ru
Trog
Uskayaw
Vehumet
Wu Jian
Xom
Yredelemnul
Zin
The Shining One

Shops:
D:14 ?}::   Orc:2 [?([?   Elf:1 [   Elf:3 *

Annotations:
Elf:2 1 runed translucent door


Innate Abilities, Weirdness & Mutations

Your experience applies equally to all skills.
You have very sharp teeth.
Your uncanny sense of smell can sniff out nearby items.
You have large cloven feet.
You can translocate small distances at will.


Message History

You closely miss the entropy weaver.
The entropy weaver is moderately wounded.
You feel sick. You block the wolf spider's attack. x2
The redback bites you but does no damage.
The entropy weaver gestures at you while chanting.
The entropic weave corrodes you! The redback closely misses you.
You riposte.
You slash the redback! You burn the redback.
You bite the redback, but do no damage.
The redback is heavily wounded.
You slice the entropy weaver!! You burn the entropy weaver.
The entropy weaver is severely wounded.
The wolf spider closely misses you.
You riposte.
You slash the wolf spider! You burn the wolf spider.
The wolf spider is moderately wounded.
You block the wolf spider's attack. The redback misses you.
You hit the entropy weaver. You burn the entropy weaver.
You bite the entropy weaver.
The entropy weaver is almost dead.
The redback bites you!
You die...

#≈..........^....<...^.
##^...†................
##....................
##......^............
###..................
##≈##.†.....^.^.....).
#≈≈#†>......^.........
##≈..ass...^...........
#####.....@s...............
#≈..##.................[###
###...###.^...............#..
#≈......#≈#............^..#((
#................^........#..
##........................#..
##≈....................^..#(.
#≈≈≈...........^..........###
##≈≈.........................


You could see an entropy weaver, a wolf spider and 2 redbacks.

Vanquished Creatures
  An Ice Fiend (IceCv)
  2 deep elf master archers (Elf:3)
  3 deep elf blademasters
  The ghost of KennyOmg the Warrior, an adept MiBe of Trog (Spider:3)
  2 tentacled starspawn (Abyss:2)
  3 thorn hunters
  A storm dragon (D:13)
  Agnes (Spider:1)
  7 deep elf sorcerers (Elf:3)
  A ghost moth (Spider:3)
  A fire giant (D:15)
  3 emperor scorpions (Spider:1)
  8 deep elf elementalists
  A very ugly thing (Swamp:3)
  A hydra skeleton (Swamp:4)
  5 deep elf demonologists
  A vampire knight (Swamp:4)
  An entropy weaver (Spider:2)
  The ghost of Coajikh the Covert, a journeyman HuAr of Trog (D:12)
  A spark wasp (Spider:3)
  9 deep elf annihilators (Elf:3)
  2 ettins
  7 deep elf death magi (Elf:3)
  A yaktaur captain (D:13)
  Erolcha (Orc:1)
  3 deep elf high priests (Elf:3)
  2 fire dragons
  An ogre mage (Orc:2)
  A hell beast (D:9)
  13 hydras
  3 catoblepae
  4 shambling mangroves
  3 centaur warriors (D:13)
  2 ghost crabs
  A death knight (D:13)
  21 dancing weapons
  18 alligators
  A death yak (Lair:5)
  A tengu warrior (D:12)
  4 hell hogs
  The ghost of mora the Reanimator, a novice DsNe of Cheibriados (D:9)
  5 orc high priests (Orc:2)
  10 two-headed ogres
  17 deep elf knights
  A wretched star (Abyss:2)
  A fire crab (shapeshifter) (D:13)
  9 skeletal warriors
  A sixfirhy (Abyss:2)
  2 flayed ghosts (Swamp:4)
  4 spriggan druids (Swamp:4)
  Pikel (D:5)
  8 swamp dragons
  3 lindwurms
  3 spectral hydras (Swamp:4)
  A phantasmal warrior (Swamp:4)
  A necromancer (Lair:4)
  14 deep elf archers
  5 orc knights
  40 deep elf magi
  16 wolf spiders
  3 orc sorcerers
  5 oklob plants
  18 ugly things
  3 manticores
  9 orb spiders
  6 cyclopes
  A large abomination (Abyss:2)
  3 black mambas
  16 elephants
  Joseph (D:10)
  A rust devil (D:9)
  An eye of devastation (shapeshifter) (D:15)
  An ice statue (IceCv)
  2 torpor snails (Lair:6)
  A cane toad (shapeshifter) (D:13)
  19 cane toads
  A gargoyle (D:13)
  A kobold demonologist (D:15)
  5 rime drakes
  5 freezing wraiths
  5 yaktaurs (D:15)
  7 ice devils
  An efreet (D:15)
  6 komodo dragons
  4 anaconda simulacra (IceCv)
  A hydra zombie (Swamp:4)
  30 jumping spiders
  An ancient zyme (Abyss:2)
  11 demonic crawlers
  A red devil (D:9)
  5 polar bears
  A meliai (shapeshifter) (D:13)
  3 tengu conjurers
  12 tyrant leeches
  8 hornets
  7 bog bodies
  8 trolls
  35 blink frogs
  17 slime creatures
  Prince Ribbit (D:5)
  9 dream sheep
  11 hippogriffs
  2 air elementals
  4 centaur simulacra
  A spriggan (Swamp:4)
  47 redbacks
  2 shadows
  2 vampires
  A water elemental (Elf:1)
  3 dire elephant simulacra (IceCv)
  3 fire elementals
  15 tarantellas
  3 wraiths
  5 wyverns
  6 basilisks
  58 yaks
  A steam dragon (D:13)
  17 vampire mosquitoes
  A neqoxec (Abyss:2)
  4 wargs
  2 iron troll simulacra (IceCv)
  2 small abominations
  12 water moccasins
  2 soldier ants
  3 acid dragons
  20 insubstantial wisps
  5 harpy simulacra (IceCv)
  Duvessa (D:7)
  15 swamp worms
  7 hydra simulacra
  4 hell hounds (Volcano)
  A meliai simulacrum (D:12)
  5 porcupines
  An alligator simulacrum (IceCv)
  6 ice beasts
  3 swamp dragon zombies (Swamp:4)
  37 orc warriors
  12 swamp drakes
  4 eyes of draining
  A sky beast (shapeshifter) (D:13)
  6 sky beasts
  5 black bears
  An ettin simulacrum (IceCv)
  A necrophage (D:7)
  19 wolves
  3 phantoms
  A tengu (shapeshifter) (D:13)
  12 ogres
  16 centaurs
  2 swamp dragon skeletons (Swamp:4)
  11 crocodiles
  A lemure (D:5)
  2 big kobolds
  20 bullfrogs
  2 wyvern zombies
  3 earth elementals
  Dowan (D:7)
  4 scorpions
  10 killer bees
  6 electric eels
  26 wights
  6 howler monkeys
  6 centaur zombies
  4 bullfrog zombies
  3 draconian simulacra (IceCv)
  2 quasits
  5 jellies
  42 orc priests
  A water moccasin simulacrum (D:12)
  14 hounds
  7 iron imps
  24 orc wizards
  A bullfrog skeleton (D:4)
  2 centaur skeletons
  Terence (D:2)
  Natasha (twice) (D:2)
  9 iguanas
  11 hell rats (Lair:2)
  3 polar bear simulacra
  4 troll simulacra (IceCv)
  18 worker ants
  2 yak simulacra (Lair:4)
  5 wolf simulacra (Lair:4)
  3 bullfrog simulacra (D:12)
  A hound zombie (D:5)
  2 hound skeletons (D:4)
  A worker ant zombie (D:7)
  12 gnolls
  A howler monkey skeleton (D:4)
  4 ogre simulacra (IceCv)
  15 adders
  3 naga simulacra (IceCv)
  13 river rats (Lair:2)
  5 shadow imps
  7 white imps
  8 ufetubi
  3 oozes
  2 worms (D:2)
  3 dart slugs
  5 leopard geckos
  105 orcs
  2 ball pythons
  7 bats
  8 giant cockroaches
  6 goblins
  7 hobgoblins
  4 jackals
  10 quokkas
  3 frilled lizards
  2 jackal skeletons
  14 kobolds
  A leopard gecko zombie (D:7)
  A quokka skeleton (D:4)
  A quokka zombie (D:5)
  15 rats
  2 river rat simulacra (Lair:4)
1490 creatures vanquished.

Vanquished Creatures (others)
  A vampire knight (Swamp:4)
  A dancing weapon (Elf:2)
  A deep elf knight (Elf:1)
  A swamp dragon (Swamp:1)
  A slime creature (Swamp:1)
  2 deep elf magi
  A cane toad (Swamp:1)
  A tengu conjurer (D:15)
  A blink frog (Lair:5)
  2 tarantellas (Spider:1)
  A shadow (Swamp:4)
  2 swamp worms
  4 insubstantial wisps (Swamp:4)
  A swamp drake (Swamp:4)
  2 bullfrogs (D:8)
  A gnoll shaman (D:8)
  An adder (D:8)
  An ufetubus (Abyss:2)
  3 orcs
  A jackal (D:8)
  A quokka (D:8)
  21 fungi
  101 plants
  4 starspawn tentacles (Abyss:2)
156 creatures vanquished.

Grand Total: 1646 creatures vanquished

Notes
Turn   | Place    | Note
-------+----------+-------------------------------------------
     0 | D:1      | Peloso the Gnoll Fighter began the quest for the Orb.
     0 | D:1      | Reached XP level 1. HP: 23/23 MP: 1/1
    59 | D:1      | Reached XP level 2. HP: 24/29 MP: 2/2
   349 | D:1      | Reached XP level 3. HP: 35/35 MP: 3/3
   921 | D:2      | Reached skill level 1 in Invocations
   934 | D:2      | Found a blossoming altar of Fedhas.
   974 | D:2      | Found a shadowy altar of Dithmenos.
  1098 | D:2      | Reached skill level 1 in Short Blades
  1098 | D:2      | Reached skill level 1 in Axes
  1098 | D:2      | Reached skill level 1 in Maces & Flails
  1098 | D:2      | Reached skill level 1 in Polearms
  1098 | D:2      | Reached skill level 1 in Staves
  1098 | D:2      | Reached skill level 1 in Slings
  1098 | D:2      | Reached skill level 1 in Bows
  1098 | D:2      | Reached skill level 1 in Crossbows
  1098 | D:2      | Reached skill level 1 in Throwing
  1098 | D:2      | Reached skill level 1 in Dodging
  1098 | D:2      | Reached skill level 1 in Stealth
  1098 | D:2      | Reached skill level 1 in Unarmed Combat
  1098 | D:2      | Reached skill level 1 in Spellcasting
  1098 | D:2      | Reached skill level 1 in Evocations
  1258 | D:2      | Noticed Natasha
  1269 | D:2      | Killed Natasha
  1269 | D:2      | Reached XP level 4. HP: 25/41 MP: 5/5
  1517 | D:2      | Noticed Terence
  1530 | D:2      | Killed Terence
  1530 | D:2      | Reached skill level 1 in Conjurations
  1530 | D:2      | Reached skill level 1 in Hexes
  1530 | D:2      | Reached skill level 1 in Summonings
  1530 | D:2      | Reached skill level 1 in Necromancy
  1530 | D:2      | Reached skill level 1 in Translocations
  1530 | D:2      | Reached skill level 1 in Transmutations
  1530 | D:2      | Reached skill level 1 in Fire Magic
  1530 | D:2      | Reached skill level 1 in Ice Magic
  1530 | D:2      | Reached skill level 1 in Air Magic
  1530 | D:2      | Reached skill level 1 in Earth Magic
  1530 | D:2      | Reached skill level 1 in Poison Magic
  1606 | D:2      | Noticed Natasha
  1615 | D:2      | Killed Natasha
  1615 | D:2      | Reached XP level 5. HP: 42/47 MP: 5/7
  2200 | D:3      | Reached XP level 6. HP: 23/53 MP: 8/8
  2445 | D:3      | Reached skill level 5 in Long Blades
  3254 | D:4      | Reached XP level 7. HP: 59/59 MP: 10/10
  3382 | D:4      | Reached skill level 7 in Armour
  3944 | D:4      | Reached XP level 8. HP: 67/67 MP: 12/12
  4105 | D:5      | Entered Level 5 of the Dungeon
  4147 | D:5      | Noticed Prince Ribbit
  4195 | D:5      | Killed Prince Ribbit
  4399 | D:5      | Found a snail-covered altar of Cheibriados.
  4474 | D:5      | Found a staircase to the Ecumenical Temple.
  4484 | Temple   | Entered the Ecumenical Temple
  4496 | Temple   | Became a worshipper of Warmaster Okawaru
  4902 | D:5      | Noticed Pikel
  4932 | D:5      | Killed Pikel
  4932 | D:5      | Reached XP level 9. HP: 29/73 MP: 13/15
  5161 | D:5      | Found a radiant altar of Vehumet.
  5440 | D:5      | Reached * piety under Okawaru
  5668 | D:6      | Found an ornate altar of the Wu Jian Council.
  6082 | D:6      | Reached skill level 8 in Armour
  6327 | D:7      | Reached skill level 5 in Invocations
  6427 | D:7      | Found a glowing golden altar of the Shining One.
  6582 | D:7      | Found a bloodstained altar of Trog.
  6626 | D:7      | Found a shimmering altar of Xom.
  6847 | D:7      | Noticed a two-headed ogre
  6855 | D:7      | Killed a two-headed ogre
  6855 | D:7      | Reached ** piety under Okawaru
  6855 | D:7      | Reached skill level 5 in Short Blades
  6855 | D:7      | Reached skill level 5 in Axes
  6855 | D:7      | Reached skill level 5 in Maces & Flails
  6855 | D:7      | Reached skill level 5 in Polearms
  6855 | D:7      | Reached skill level 5 in Staves
  6855 | D:7      | Reached skill level 5 in Slings
  6855 | D:7      | Reached skill level 5 in Bows
  6855 | D:7      | Reached skill level 5 in Crossbows
  6855 | D:7      | Reached skill level 5 in Throwing
  6855 | D:7      | Reached skill level 5 in Dodging
  6855 | D:7      | Reached skill level 5 in Stealth
  6855 | D:7      | Reached skill level 5 in Unarmed Combat
  6855 | D:7      | Reached skill level 5 in Spellcasting
  6855 | D:7      | Reached skill level 5 in Evocations
  6855 | D:7      | Reached XP level 10. HP: 38/81 MP: 14/17
  7222 | D:7      | Noticed Dowan
  7224 | D:7      | Noticed Duvessa
  7234 | D:7      | Killed Dowan
  7282 | D:7      | Killed Duvessa
  7557 | D:7      | Found a hide-covered altar of Uskayaw.
  7828 | D:7      | Found a glowing golden altar of the Shining One.
  7993 | D:8      | Got a crude buckler
  7999 | D:8      | Identified the -5 buckler of Sidowel {Str+2} (You found it
                  | on level 8 of the Dungeon)
  8135 | D:8      | Found a shimmering altar of Xom.
  8172 | D:8      | Reached *** piety under Okawaru
  9191 | D:9      | Found a large runed translucent door.
  9193 | D:9      | Found a large runed translucent door.
  9194 | D:9      | Noticed mora's ghost (novice DsNe)
  9200 | D:9      | Noticed a hell beast
  9201 | D:9      | Noticed a rust devil
  9202 | D:9      | Found a burning altar of Makhleb.
  9772 | D:10     | Entered Level 10 of the Dungeon
  9879 | D:10     | Reached XP level 11. HP: 87/87 MP: 19/19
  9918 | D:10     | Noticed an oklob plant
  9921 | D:10     | Found a staircase to the Lair.
  9965 | D:10     | Reached **** piety under Okawaru
 10346 | D:10     | Noticed Joseph
 10349 | D:10     | Reached skill level 9 in Armour
 10369 | D:10     | Killed Joseph
 10369 | D:10     | Reached skill level 5 in Conjurations
 10369 | D:10     | Reached skill level 5 in Hexes
 10369 | D:10     | Reached skill level 5 in Summonings
 10369 | D:10     | Reached skill level 5 in Necromancy
 10369 | D:10     | Reached skill level 5 in Translocations
 10369 | D:10     | Reached skill level 5 in Transmutations
 10369 | D:10     | Reached skill level 5 in Fire Magic
 10369 | D:10     | Reached skill level 5 in Ice Magic
 10369 | D:10     | Reached skill level 5 in Air Magic
 10369 | D:10     | Reached skill level 5 in Earth Magic
 10369 | D:10     | Reached skill level 5 in Poison Magic
 10788 | D:10     | Killed an oklob plant
 10788 | D:10     | Received a gift from Okawaru
 11246 | D:10     | Reached ***** piety under Okawaru
 12073 | D:11     | Noticed a purple ugly thing
 12085 | D:11     | Killed a purple ugly thing
 12155 | D:11     | Found a staircase to the Orcish Mines.
 12181 | D:11     | Received a gift from Okawaru
 12250 | D:11     | Noticed a manticore
 12267 | D:11     | Killed a manticore
 12517 | D:11     | Received a gift from Okawaru
 12520 | D:11     | Got a steaming crystal plate armour {god gift}
 12531 | D:11     | Identified the +11 crystal plate armour "Janas" {rF+ MP+9}
                  | (Okawaru gifted it to you on level 11 of the Dungeon)
 12811 | Lair:1   | Entered Level 1 of the Lair of Beasts
 12829 | Lair:1   | Reached XP level 12. HP: 95/96 MP: 22/22
 14373 | Lair:2   | Reached skill level 10 in Fighting
 14373 | Lair:2   | Reached skill level 10 in Armour
 14373 | Lair:2   | Reached skill level 10 in Shields
 14876 | Lair:2   | Found a hole to the Spider Nest.
 15268 | Lair:3   | Received a gift from Okawaru
 15348 | Lair:3   | Found a staircase to the Swamp.
 15361 | Lair:3   | Reached XP level 13. HP: 84/103 MP: 24/24
 15406 | Lair:3   | Received a gift from Okawaru
 15672 | Lair:3   | Identified a scroll of acquirement
 15744 | Lair:3   | Found a dark tunnel.
 15761 | Volcano  | Entered a volcano
 15806 | Volcano  | Noticed a fire dragon
 15841 | Volcano  | Killed a fire dragon
 15841 | Volcano  | Received a gift from Okawaru
 15857 | Volcano  | Got an ancient hat
 15863 | Volcano  | Identified the +1 hat "Epnon" {+Inv MP+9 Str+3 Int+3} (You
                  | found it in a volcano)
 16100 | Lair:3   | Reached ****** piety under Okawaru
 16853 | D:9      | Killed mora's ghost
 17535 | D:12     | Got an ancient dagger
 17536 | D:12     | Identified the cursed +1 dagger "Jidaxt" {speed, *Slow rN++
                  | Int+2 Dex+2} (You found it on level 12 of the Dungeon)
 17810 | D:12     | Found a runed translucent gate.
 17810 | D:12     | Found a runed translucent gate.
 17810 | D:12     | Found a runed translucent gate.
 18108 | D:12     | Received a gift from Okawaru
 18485 | D:12     | Noticed Coajikh's ghost (journeyman HuAr)
 18600 | D:12     | Received a gift from Okawaru
 18891 | Orc:1    | Entered Level 1 of the Orcish Mines
 19001 | Orc:1    | Noticed Erolcha
 19013 | Orc:1    | Killed Erolcha
 19013 | Orc:1    | Received a gift from Okawaru
 19013 | Orc:1    | Reached XP level 14. HP: 36/111 MP: 26/26
 19026 | Orc:1    | Reached skill level 10 in Long Blades
 19463 | Orc:1    | Received a gift from Okawaru
 19478 | Orc:1    | Got a brightly glowing cloak {god gift}
 19484 | Orc:1    | Identified the +1 cloak of the Northern Lights {rElec
                  | Dex+4} (Okawaru gifted it to you on level 1 of the Orcish
                  | Mines)
 19675 | Orc:2    | Entered Level 2 of the Orcish Mines
 19709 | Orc:2    | Reached skill level 11 in Armour
 19927 | Orc:2    | Found Yhetsoul's Magic Scroll Shop.
 19937 | Orc:2    | Acquired 2530 gold pieces
 19943 | Orc:2    | Bought a scroll of acquirement for 624 gold pieces
 19945 | Orc:2    | Bought a scroll of acquirement for 624 gold pieces
 19945 | Orc:2    | Bought a scroll of torment for 90 gold pieces
 19950 | Orc:2    | Bought a scroll of identify for 24 gold pieces
 19950 | Orc:2    | Bought a scroll of identify for 24 gold pieces
 19950 | Orc:2    | Bought a scroll of identify for 24 gold pieces
 20675 | Orc:2    | Reached skill level 10 in Invocations
 21248 | Orc:2    | Found a staircase to the Elven Halls.
 22294 | Orc:2    | Found Huakafao's Antique Armour Shoppe.
 22294 | Orc:2    | Found Tetoapeu's Antique Armour Shoppe.
 22295 | Orc:2    | Found Duotzado's Magic Scroll Emporium.
 22295 | Orc:2    | Found Yxaisebod's Antique Weapon Shoppe.
 22303 | Orc:2    | Bought a scroll of identify for 26 gold pieces
 22303 | Orc:2    | Bought a scroll of identify for 26 gold pieces
 22303 | Orc:2    | Bought a scroll of blinking for 97 gold pieces
 22310 | Orc:2    | Bought a smelly chain mail for 256 gold pieces
 22310 | Orc:2    | Bought a transparent chain mail for 256 gold pieces
 22325 | Orc:2    | Identified the +8 chain mail of Fyufeqy {*Drain rElec Str+4
                  | Int+4} (You bought it in a shop on level 2 of the Orcish
                  | Mines)
 22335 | Orc:2    | Identified the +13 chain mail of Oily Contentment {+Fly
                  | rPois rN+ Int+4} (You bought it in a shop on level 2 of the
                  | Orcish Mines)
 22746 | D:13     | Found a gate to the Vaults.
 23394 | D:13     | Received a gift from Okawaru
 23426 | D:13     | Identified a +1 pair of boots of running (Okawaru gifted it
                  | to you on level 13 of the Dungeon)
 24003 | D:13     | Noticed a storm dragon
 24036 | D:13     | Killed a storm dragon
 24036 | D:13     | Reached XP level 15. HP: 96/119 MP: 28/28
 25663 | D:14     | Found Waerr's Book Emporium.
 25793 | D:14     | Reached skill level 10 in Short Blades
 25793 | D:14     | Reached skill level 10 in Axes
 25793 | D:14     | Reached skill level 10 in Maces & Flails
 25793 | D:14     | Reached skill level 10 in Polearms
 25793 | D:14     | Reached skill level 10 in Staves
 25793 | D:14     | Reached skill level 10 in Slings
 25793 | D:14     | Reached skill level 10 in Bows
 25793 | D:14     | Reached skill level 10 in Crossbows
 25793 | D:14     | Reached skill level 10 in Throwing
 25793 | D:14     | Reached skill level 10 in Dodging
 25793 | D:14     | Reached skill level 10 in Stealth
 25793 | D:14     | Reached skill level 10 in Unarmed Combat
 25793 | D:14     | Reached skill level 10 in Spellcasting
 25793 | D:14     | Reached skill level 10 in Evocations
 25994 | D:13     | Received a gift from Okawaru
 26155 | D:14     | Found Maorchyod's Magic Scroll Boutique.
 26163 | D:14     | Bought a scroll of enchant armour for 97 gold pieces
 26163 | D:14     | Bought a scroll of enchant weapon for 97 gold pieces
 26163 | D:14     | Bought a scroll of fear for 45 gold pieces
 26163 | D:14     | Bought a scroll of immolation for 45 gold pieces
 26288 | D:14     | Found Naisod Vaec's Gadget Shoppe.
 26589 | D:14     | Found Tiymimpu's Book Boutique.
 27079 | D:13     | Received a gift from Okawaru
 27098 | D:13     | Got a translucent ivory ring
 27100 | D:13     | Identified the ring of Oskurch {Fire rElec MR++ Int+2} (You
                  | found it on level 13 of the Dungeon)
 27359 | D:12     | Killed Coajikh's ghost
 27543 | D:15     | Entered Level 15 of the Dungeon
 27687 | D:15     | Identified the Compendium of the Inquisitive Lives
 28087 | D:15     | Reached skill level 12 in Armour
 28342 | D:15     | Found a staircase to the Depths.
 28342 | D:15     | Noticed a fire giant
 28382 | D:15     | Killed a fire giant
 29437 | Lair:4   | Acquired 940 gold pieces
 29439 | Lair:4   | Acquired 590 gold pieces
 29443 | Lair:4   | Acquired 2740 gold pieces
 29800 | Lair:4   | Reached XP level 16. HP: 127/127 MP: 30/30
 30924 | Lair:5   | Received a gift from Okawaru
 31664 | Lair:5   | Got a slimy plate armour {god gift}
 31676 | Lair:5   | Identified the +7 plate armour of Cirphu {Int+3} (Okawaru
                  | gifted it to you on level 5 of the Lair of Beasts)
 31755 | Lair:6   | Entered Level 6 of the Lair of Beasts
 31755 | Lair:6   | Found a staircase to the Slime Pits.
 33931 | Elf:1    | Entered Level 1 of the Elven Halls
 33969 | Elf:1    | Received a gift from Okawaru
 33974 | Elf:1    | Got a dazzling helmet {god gift}
 33985 | Elf:1    | Identified the +0 helmet of Somewhere Else {+Blink}
                  | (Okawaru gifted it to you on level 1 of the Elven Halls)
 34100 | Elf:1    | Cast into level 2 of the Abyss (+1 flail of distortion)
 34243 | Abyss:2  | Noticed a tentacled starspawn
 34267 | Abyss:2  | Killed a tentacled starspawn
 34271 | Abyss:2  | Noticed a tentacled starspawn
 34291 | Abyss:2  | Killed a tentacled starspawn
 34316 | Abyss:2  | Reached XP level 17. HP: 31/135 MP: 32/32
 34355 | Abyss:2  | Found a corrupted altar of Lugonu.
 34366 | Abyss:2  | Noticed a tentacled starspawn
 34389 | Elf:1    | Escaped the Abyss
 34841 | Elf:1    | Found Qephafy's Antique Armour Shop.
 35104 | Elf:1    | Noticed an Ice Fiend
 36068 | Elf:1    | Gained mutation: Your body sometimes deteriorates upon
                  | taking damage. [a neqoxec]
 36845 | Elf:3    | Entered Level 3 of the Elven Halls
 36885 | Elf:3    | Found Fadenuna's Assorted Antiques.
 36934 | Elf:3    | Bought a scroll of identify for 40 gold pieces
 37221 | Elf:2    | Received a gift from Okawaru
 37224 | Elf:2    | Got a transparent plate armour {god gift}
 37287 | Elf:1    | Identified the +0 plate armour of the Lily {rElec Str+8}
                  | (Okawaru gifted it to you on level 2 of the Elven Halls)
 37596 | Swamp:1  | Entered Level 1 of the Swamp
 37626 | Swamp:1  | Reached skill level 13 in Armour
 39184 | Swamp:2  | Got a dazzling cloak
 39195 | Swamp:2  | Identified the +1 cloak of Privacy {-Tele Harm Rampage
                  | Str+6} (You found it on level 2 of the Swamp)
 39213 | Swamp:2  | Found a transporter.
 39320 | Swamp:2  | Reached skill level 10 in Conjurations
 39320 | Swamp:2  | Reached skill level 10 in Hexes
 39320 | Swamp:2  | Reached skill level 10 in Summonings
 39320 | Swamp:2  | Reached skill level 10 in Necromancy
 39320 | Swamp:2  | Reached skill level 10 in Translocations
 39320 | Swamp:2  | Reached skill level 10 in Transmutations
 39320 | Swamp:2  | Reached skill level 10 in Fire Magic
 39320 | Swamp:2  | Reached skill level 10 in Ice Magic
 39320 | Swamp:2  | Reached skill level 10 in Air Magic
 39320 | Swamp:2  | Reached skill level 10 in Earth Magic
 39320 | Swamp:2  | Reached skill level 10 in Poison Magic
 39522 | Swamp:2  | Found a transporter.
 39847 | Swamp:2  | Gained mutation: You possess an exceptional clarity of
                  | mind. [mutagenic glow]
 39862 | Swamp:2  | Got a shimmering crystal amulet
 39867 | Swamp:2  | Gained mutation: You are frail. (-10% HP) [mutagenic glow]
 39873 | Swamp:2  | Identified the amulet "Tyemen" {rN+ MR+ Regen+ MP+9} (You
                  | found it on level 2 of the Swamp)
 39883 | Swamp:2  | Got a fine bronze ring
 39885 | Swamp:2  | Identified the ring "Leabaz" {+Fly Dex+3} (You found it on
                  | level 2 of the Swamp)
 39966 | Swamp:2  | Reached XP level 18. HP: 128/128 MP: 33/33
 40067 | Swamp:2  | Reached XP level 19. HP: 134/134 MP: 35/35
 41690 | Swamp:3  | Received a gift from Okawaru
 41882 | Swamp:3  | Lost mutation: Your body sometimes deteriorates upon taking
                  | damage. [potion of mutation]
 41882 | Swamp:3  | Lost mutation: You are frail. (-10% HP) [potion of
                  | mutation]
 41882 | Swamp:3  | Lost mutation: You possess an exceptional clarity of mind.
                  | [potion of mutation]
 41882 | Swamp:3  | Gained mutation: You are frail. (-10% HP) [potion of
                  | mutation]
 41882 | Swamp:3  | Gained mutation: You do not regenerate when monsters are
                  | visible. [potion of mutation]
 41882 | Swamp:3  | Gained mutation: You can translocate small distances at
                  | will. [potion of mutation]
 41882 | Swamp:3  | Gained mutation: You have sharp toenails. [potion of
                  | mutation]
 41883 | Swamp:3  | Lost mutation: You are frail. (-10% HP) [potion of
                  | mutation]
 41883 | Swamp:3  | Lost mutation: You have sharp toenails. [potion of
                  | mutation]
 41883 | Swamp:3  | Lost mutation: You do not regenerate when monsters are
                  | visible. [potion of mutation]
 41883 | Swamp:3  | Gained mutation: You have large cloven feet. [potion of
                  | mutation]
 41992 | Spider:1 | Entered Level 1 of the Spider Nest
 41999 | Spider:1 | Noticed Agnes
 42027 | Spider:1 | Killed Agnes
 42027 | Spider:1 | Reached XP level 20. HP: 50/157 MP: 36/36
 42030 | Spider:1 | Received a gift from Okawaru
 42922 | Spider:1 | You fall into a shaft and drop 1 floor!
 44530 | Elf:2    | Received a gift from Okawaru
 44557 | Elf:2    | Found a runed translucent door.
 44594 | Elf:2    | Paralysed by a chaos spawn for 5 turns
 44802 | Elf:2    | Found a runed translucent door.
 45569 | Elf:2    | Received a gift from Okawaru
 46005 | Elf:2    | Received a gift from Okawaru
 46220 | Elf:2    | Received a gift from Okawaru
 46846 | Elf:3    | Reached skill level 14 in Armour
 47622 | Elf:3    | Identified the +1 war axe of the Desert {freeze, *Slow
                  | +Rage rN+++ Int-4}
 48031 | Elf:3    | Received a gift from Okawaru
 48044 | Elf:3    | Reached XP level 21. HP: 122/165 MP: 37/37
 48142 | Elf:3    | Identified the +5 hand axe of Uncertain Death {vorpal,
                  | Dex+3}
 48209 | Elf:3    | Identified the +6 spear "Orosain" {speed, Str+7 Int-5}
 48249 | Elf:3    | Received a gift from Okawaru
 48586 | Elf:3    | Identified the ring of Xom's Delight {rPois rC+}
 49247 | Elf:3    | Found the amulet of the Air {Inacc +Fly rElec EV+5 RMsl}
 49285 | Elf:3    | Identified the Incunabulum of Creative Beguiling
 49288 | Elf:3    | Got a slimy chain mail
 49299 | Elf:3    | Identified the +2 chain mail of Dawn {rN+ Dex+4} (You found
                  | it on level 3 of the Elven Halls)
 49875 | Swamp:4  | Entered Level 4 of the Swamp
 49878 | Swamp:4  | Found a frozen archway.
 49890 | IceCv    | Entered an ice cave
 50601 | IceCv    | Received a gift from Okawaru
 50929 | Swamp:4  | Got an ancient plate armour
 50940 | Swamp:4  | Identified the +11 plate armour of Hiejiwn {MR+ Str+5
                  | Int+2} (You found it on level 4 of the Swamp)
 51597 | Swamp:4  | Received a gift from Okawaru
 51862 | Swamp:4  | Received a gift from Okawaru
 52051 | Swamp:4  | HP: 7/166 [21-headed hydra skeleton (2)]
 52051 | Swamp:4  | HP: 3/166 [21-headed hydra skeleton (4)]
 52057 | Swamp:4  | Found a basalt altar of Yredelemnul.
 52265 | Swamp:4  | Found a blossoming altar of Fedhas.
 52962 | Swamp:4  | Got a decaying rune of Zot
 53504 | Spider:2 | Reached skill level 15 in Armour
 54655 | Spider:3 | Reached XP level 22. HP: 146/173 MP: 0/39
 54665 | Spider:3 | Found a runed translucent gate.
 54665 | Spider:3 | Found a runed translucent gate.
 54665 | Spider:3 | Found a runed translucent gate.
 54666 | Spider:3 | Noticed KennyOmg's ghost (adept MiBe)
 55278 | Spider:3 | Killed KennyOmg's ghost
 55278 | Spider:3 | Received a gift from Okawaru
 55287 | Spider:3 | Identified the +7 chain mail of the Centipede {Rampage MR+
                  | Str-4} (You found it on level 3 of the Spider Nest)
 55314 | Spider:4 | Entered Level 4 of the Spider Nest
 55578 | Spider:3 | HP: 10/261 [entropy weaver (8)]
 55582 | Spider:3 | Slain by a redback

Illustrated notes

Levels and vault maps discovered:
D:1:      dpeg_arrival_windows_large_door, layout_loops_ring
D:2:      layout_basic, fedhas_altar_3,
          nicolae_dithmenos_through_a_glass_darkly, minivault_14, uniq_natasha,
          uniq_terence
D:3:      layout_loops_ring, minmay_misc_feat_nine_boxes
D:4:      cheibrodos_pilgrimage, layout_cave_pools
D:5:      layout_cave_pools, kennysheep_little_box, slow_altar_2,
          minmay_temple_entry_butterflies, uniq_prince_ribbit1, uniq_pikel
D:6:      layout_rooms, old_standard_altar
D:7:      layout_loops_corners, nicolae_overflow_crystal_walls,
          lemuel_coloured_pillars_altar, kennysheep_mini_moat,
          lemuel_crystal_altar, basic_altar, uniq_duvessa
D:8:      layout_loops_cross, xom_confusion_cloud
D:9:      layout_basic, ebering_ghost_disaster_area, lemuel_hellish_altar
D:10:     layout_roguey, dpeg_oklobed_lair, minmay_strange_pillars, uniq_joseph
D:11:     layout_cave_pools, orc_0_dummy, minivault_19
D:12:     layout_long_grid, gammafunk_ghost_icy, minmay_microvault
D:13:     minmay_nested_s, layout_long_grid, david_vaults_2
D:14:     layout_loops_ring, serial_shops, shop_fountains, nicolae_shop_crystal,
          shop, nicolae_shop_temple_entry_statues_fountains,
          grunt_ministairs_10, minmay_misc_feat_x, wad_floor_pattern_untrapped
D:15:     grunt_enter_depths_giant_problem, layout_cave_pods, minivault_14,
          minivault_16, dk_noncrumbling_4, minmay_sticks_and_stones
Temple:   cyrus_circular_temple
Lair:1:   beast_lair_carwin_large_4, layout_chaotic_city,
          minmay_lair_oklob_chamber
Lair:2:   lemuel_ratsnest, layout_chaotic_city,
          nicolae_spider_entry_tight_spaces, infiniplex_staircase_pool,
          grunt_megastairs_1, serial_bayou_shore_b
Lair:3:   layout_cave_shapes, swamp_mist_pool, nicolae_volcano_entry_vermiform,
          grunt_megastairs_3, serial_bayou_shore_a, lemuel_fruit_tree
Lair:4:   layout_long_grid, eino_house_with_fridge
Lair:5:   layout_long_grid, nicolae_lair_yak_garden
Lair:6:   hangedman_lair_in_review, layout_gridlike, minmay_slime_entry_pillars
Swamp:1:  layout_falls_marsh, nicolae_swamp_round_clearing
Swamp:2:  gammafunk_its_a_trap, layout_falls_marsh, hangedman_swamp_blocks
Swamp:3:  layout_falls_marsh, nicolae_swamp_treefoil, grunt_hermit_hut
Swamp:4:  byrel_swamp_growth_death_and_undeath, layout_basic_swamp,
          portal_ice_cave_entry_ugly_swarm
Spider:1: layout_spider_delve, uniq_agnes
Spider:2: layout_spider_delve, guppyfry_spider_mini_1
Spider:3: layout_spider_delve, ebering_ghost_rock_garden, nicolae_crawler_farm
Spider:4: grunt_spider_rune_circles, ebering_ghost_xom
Orc:1:    layout_caves, uniq_erolcha
Orc:2:    st_orc_pillars, layout_caves, serial_shops, shop
Elf:1:    layout_onion_city, serial_shops, shop, minivault_28
Elf:2:    layout_geoelf_octagon, st_stairs_13
Elf:3:    minmay_elf_hall_four_x, layout_gridlike, serial_shops, shop

Skill      XL: |  1  2  3  4  5  6  7  8  9 10 11 12 13 14 15 16 17 18 19 20 21 |
---------------+----------------------------------------------------------------+-----
Invocations    | 1 2 3 4 5 6 7 8 9 10 11 12 13 14 | 14.7
Short Blades   | 1 2 4 5 6 7 8 9 10 11 12 13 | 13.6
Axes           | 1 2 4 5 6 7 8 9 10 11 12 13 | 13.6
Maces & Flails | 1 2 4 5 6 7 8 9 10 11 12 13 | 13.6
Polearms       | 1 2 4 5 6 7 8 9 10 11 12 13 | 13.6
Staves         | 1 2 4 5 6 7 8 9 10 11 12 13 | 13.6
Slings         | 1 2 4 5 6 7 8 9 10 11 12 13 | 13.6
Bows           | 1 2 4 5 6 7 8 9 10 11 12 13 | 13.6
Crossbows      | 1 2 4 5 6 7 8 9 10 11 12 13 | 13.6
Throwing       | 1 2 4 5 6 7 8 9 10 11 12 13 | 13.6
Dodging        | 1 2 4 5 6 7 8 9 10 11 12 13 | 13.6
Stealth        | 1 2 4 5 6 7 8 9 10 11 12 13 | 13.6
Unarmed Combat | 1 2 4 5 6 7 8 9 10 11 12 13 | 13.6
Spellcasting   | 1 2 4 5 6 7 8 9 10 11 12 13 | 13.6
Evocations     | 1 2 4 5 6 7 8 9 10 11 12 13 | 13.6
Conjurations   | 1 2 3 4 5 6 7 8 9 10 11 | 11.7
Hexes          | 1 2 3 4 5 6 7 8 9 10 11 | 11.7
Summonings     | 1 2 3 4 5 6 7 8 9 10 11 | 11.7
Necromancy     | 1 2 3 4 5 6 7 8 9 10 11 | 11.7
Translocations | 1 2 3 4 5 6 7 8 9 10 11 | 11.7
Transmutations | 1 2 3 4 5 6 7 8 9 10 11 | 11.7
Fire Magic     | 1 2 3 4 5 6 7 8 9 10 11 | 11.7
Ice Magic      | 1 2 3 4 5 6 7 8 9 10 11 | 11.7
Air Magic      | 1 2 3 4 5 6 7 8 9 10 11 | 11.7
Earth Magic    | 1 2 3 4 5 6 7 8 9 10 11 | 11.7
Poison Magic   | 1 2 3 4 5 6 7 8 9 10 11 | 11.7
Long Blades    | 5 6 7 8 9 10 11 12 13 14 | 14.2
Fighting       | 7 8 9 10 11 12 13 14 | 14.8
Armour         | 7 8 9 10 11 12 13 14 15 | 15.1
Shields        | 7 8 9 10 11 12 13 14 | 14.8

Action                   |  1- 3 |  4- 6 |  7- 9 | 10-12 | 13-15 | 16-18 | 19-21 | 22-24 || total
-------------------------+-------+-------+-------+-------+-------+-------+-------+-------++-------
Melee: Long sword        |   107 |   156 |   480 |    24 |       |       |       |       ||   767
       Bite              |    12 |    26 |    86 |   204 |   426 |   297 |   534 |    56 ||  1641
       Falchion          |       |       |       |   981 |  1838 |  1189 |  2370 |   268 ||  6646
       Hand axe          |       |       |       |       |    26 |       |       |       ||    26
Invok: Heroism           |       |       |     2 |     5 |    24 |     4 |    26 |     2 ||    63
       Finesse           |       |       |       |       |       |       |     1 |     1 ||     2
Evoke: Wand              |       |       |       |       |       |       |     1 |       ||     1
  Use: Potion            |     4 |       |     2 |     1 |     3 |     2 |     8 |     1 ||    21
       Scroll            |       |       |     7 |     9 |    19 |     8 |    12 |     1 ||    56
 Stab: Sleeping          |       |       |       |       |     1 |       |     1 |       ||     2
       Petrifying        |       |       |       |       |       |     1 |       |       ||     1
       Distracted        |       |       |       |       |       |       |     2 |       ||     2
       Confused          |       |       |       |       |       |       |     3 |       ||     3
Armor: Scale mail        |    47 |    70 |   162 |       |       |       |       |       ||   279
       Plate armour      |       |       |    25 |   208 |       |       |   388 |   122 ||   743
       Crystal plate arm |       |       |       |   277 |   335 |       |       |       ||   612
       Chain mail        |       |       |       |       |   360 |   432 |   563 |       ||  1355
Dodge: Dodged            |    37 |    61 |   163 |   309 |   741 |   548 |  1112 |   217 ||  3188
Block: Kite shield       |    88 |   134 |   278 |   664 |  1392 |  1217 |  1702 |   265 ||  5740
       Reflection        |       |       |       |       |       |    55 |       |       ||    55
       Rpst.: Long sword |     8 |    16 |    46 |     1 |       |       |       |       ||    71
       Falchion          |       |       |       |    89 |   174 |   125 |   230 |    41 ||   659

Table legend: (Time is in decaauts)
 A = Elapsed time spent in this place.
 B = Non-inter-level travel time spent in this place.
 C = Inter-level travel time spent in this place.
 D = Time resting spent in this place.
 E = Time spent auto-exploring this place.
 F = Levels seen in this place.
 G = Mean time per level.
                   A        B        C        D        E       F      G
               +--------+--------+--------+--------+--------+-----+--------+
         Total |  52591 |  49271 |   3320 |   8619 |  24747 |  38 | 1384.0 |
       Dungeon |  21191 |  20145 |   1046 |   2016 |  12209 |  15 | 1412.7 |
        Temple |    344 |    344 |      0 |    273 |      0 |   1 |  344.0 |
          Lair |   8428 |   7583 |    845 |    173 |   4747 |   6 | 1404.7 |
         Swamp |   6330 |   6070 |    260 |   1823 |   2290 |   4 | 1582.5 |
   Spider Nest |   3585 |   3271 |    314 |    535 |   1575 |   4 |  896.2 |
  Orcish Mines |   3930 |   3321 |    609 |   1080 |   1191 |   2 | 1965.0 |
   Elven Halls |   7402 |   7159 |    243 |   2620 |   2058 |   3 | 2467.3 |
         Abyss |    256 |    256 |      0 |      0 |    103 |   1 |  256.0 |
      Ice Cave |    833 |    833 |      0 |     98 |    385 |   1 |  833.0 |
       Volcano |    288 |    288 |      0 |      0 |    185 |   1 |  288.0 |
               +--------+--------+--------+--------+--------+-----+--------+

Top non-repeatable levels by time:
    D:13: 3240 daAuts
   Elf:3: 3131 daAuts
   Elf:1: 2592 daAuts
   Orc:2: 2462 daAuts
    D:10: 2168 daAuts
    D:12: 2108 daAuts
  Lair:1: 2096 daAuts
 Swamp:4: 1873 daAuts
Spider:1: 1806 daAuts
     D:9: 1699 daAuts
   Elf:2: 1678 daAuts
     D:7: 1671 daAuts
 Swamp:3: 1609 daAuts
   Orc:1: 1468 daAuts
  Lair:5: 1455 daAuts
